 Dungeon Crawl Stone Soup version 0.18-a0-1542-g9c1a92e (console) character file.

86 Liam the Magician (level 4, -2/27 HPs)
             Began as a High Elf Wizard on Mar 10, 2016.
             Slain by Grinder (5 damage)
             ... while paralysed by Grinder
             ... on level 3 of the Dungeon.
             The game lasted 00:03:06 (2518 turns).

Liam the Magician (High Elf Wizard)                 Turns: 2518, Time: 00:03:06

Health: -2/27      AC:  2    Str:  6    XL:     4   Next: 27%
Magic:  0/11       EV:  2    Int: 22    God:
Gold:   152        SH:  0    Dex: 14    Spells: 1 memorised, 11 levels left

rFire  . . .     SeeInvis .     k - +1 dagger (elec)
rCold  + . .     Gourm    .     a - +0 robe
rNeg   . . .     Faith    .     (no shield)
rPois  .         Spirit   .     b - +0 hat
rElec  .         Dismiss  .     (no cloak)
rCorr  .         Reflect  .     (no gloves)
SustAt .         Harm     .     (no boots)
MR     .....                    (no amulet)
Stlth  ++........               (no ring)
                                (no ring)

@: paralysed, very slightly contaminated, not resistant to hostile enchantments,
unstealthy
A: cold resistance 1
a: no special abilities


You were on level 3 of the Dungeon.
You were hungry.

You visited 1 branch of the dungeon, and saw 3 of its levels.

You collected 152 gold pieces.

Inventory:

Hand Weapons
 k - a +1 dagger of electrocution (weapon)
Armour
 a - a +0 robe (worn)
 b - a +0 hat (worn)
Scrolls
 e - 2 scrolls of random uselessness {unknown}
 g - 8 scrolls of identify {unknown}
 h - 2 scrolls of recharging {unknown}
 i - a scroll of teleportation {unknown}
 o - a scroll of remove curse {unknown}
 q - a scroll of blinking {unknown}
Potions
 n - a potion of haste {unknown}
 p - a potion of curing {unknown}
Books
 c - a book of Minor Magic

   Spells                             Type                      Level
   a - Magic Dart                     Conjuration                  1
   b - Blink                          Translocation                2
   c - Call Imp                       Summoning                    2
   d - Repel Missiles                 Charms/Air                   2
   e - Slow                           Hexes                        2
   f - Conjure Flame                  Conjuration/Fire             3
   g - Mephitic Cloud                 Conjuration/Poison/Air       3
Comestibles
 d - 2 bread rations
 f - 2 fruits
 m - 2 meat rations


   Skills:
 - Level 2.1 Dodging
 - Level 2.1 Stealth
 + Level 4.7 Spellcasting
 + Level 3.4 Conjurations
   Level 0.8 Summonings
   Level 1.1 Translocations


You had 11 spell levels left.
You knew the following spells:

 Your Spells              Type           Power        Failure   Level  Hunger
a - Magic Dart            Conj           ###.         2%          1    None


Dungeon Overview and Level Annotations

Branches:
Dungeon (3/15)

Altars:
Elyvilon
Okawaru
Pakellas
Zin
The Shining One

Annotations:
D:3 Grinder


Innate Abilities, Weirdness & Mutations

Your flesh is cold resistant.


Message History

Unknown command.
Drink which item? (? for menu, Esc to quit)
It was a potion of beneficial mutation.
You feel resistant to cold.
You feel fantastic! Grinder hits you. Grinder gestures at you.
You barely resist.
Casting: Magic Dart
Confirm with . or Enter, or press ? or * to list all spells.
Aiming: Magic Dart
Press: ? - help, Shift-Dir - straight line, f/p - Grinder
Aim: Grinder (almost dead)
The magic dart hits Grinder.
Grinder is almost dead.
Grinder gestures at you.
You suddenly lose the ability to move!
Grinder hits you!
* * * LOW HITPOINT WARNING * * *
You writhe in agony.
You die...

#.# #.#.#######.....#########
#.# #..............#........#
#.# #.#...........###.##.##.#
###.###....#.###.....#>###.##.#
.5.........#.# ##.....## #.##.#
o.......##.#.# #.....# #.##.#
###.######.#.# ##.#.#.####.##.#
ยง.5........#.###............#.#
###.########...5@.########.##.#
#...# #####..#### ##.##.# #.###
#.....# ##.#.#.# #.#
#..##.###.###..# #.# #...#.##.##
##.## #.# #.......## ##(# ..#
#.....##.## ##.## ###
#.#.#####.###.## #.#.# ##.#>##


You could see Grinder.

Vanquished Creatures
  3 adders
  2 giant geckos
  4 orcs
  5 bats
  4 giant cockroaches
  8 goblins
  8 hobgoblins
  4 kobolds
  A quokka (D:3)
  A giant newt (D:1)
  9 rats
49 creatures vanquished.

Vanquished Creatures (others)
  A hydra (D:3)
1 creature vanquished.

Grand Total: 50 creatures vanquished

Notes
Turn   | Place    | Note
--------------------------------------------------------------
     0 | D:1      | Liam the High Elf Wizard began the quest for the Orb.
     0 | D:1      | Reached XP level 1. HP: 11/11 MP: 6/6
   277 | D:1      | Reached XP level 2. HP: 15/17 MP: 4/7
   472 | D:1      | Reached skill level 4 in Spellcasting
   940 | D:2      | Reached XP level 3. HP: 21/21 MP: 7/9
  1067 | D:2      | Found an iron altar of Okawaru.
  1615 | D:3      | Found a white marble altar of Elyvilon.
  1615 | D:3      | Found a glowing silver altar of Zin.
  1616 | D:3      | Found a glowing golden altar of the Shining One.
  1642 | D:3      | Noticed Grinder
  1967 | D:3      | Reached XP level 4. HP: 27/27 MP: 1/11
  2439 | D:3      | Found an oddly glowing altar of Pakellas.
  2440 | D:3      | Noticed a five-headed hydra
  2448 | D:3      | Killed a five-headed hydra
  2492 | D:3      | Paralysed by Grinder for 7 turns
  2506 | D:3      | HP: 1/27 [Grinder/nerve-wracking pain (13)]
  2510 | D:3      | Gained mutation: Your flesh is cold resistant. [potion of beneficial mutation]
  2516 | D:3      | Paralysed by Grinder for 3 turns
  2518 | D:3      | Slain by Grinder

Vault maps used:
D:1:      dpeg_arrival_orchard, minmay_stone_trees_medium
D:2:      old_standard_altar, serial_forest, infiniplex_forest_lined_1,
          infiniplex_forest_straight_2, infiniplex_forest_lined_corner,
          infiniplex_forest_clump_diagonal, infiniplex_forest_clump_small,
          infiniplex_forest_clump_curved, infiniplex_forest_clump_diagonal,
          infiniplex_forest_clump_double, infiniplex_forest_end_1
D:3:      good_gods_mini_temple, gammafunk_pakellas_spire_experiment,
          uniq_grinder

Skill      XL: |  1  2  3 |
---------------+----------+-----
Conjurations   | 2 3 |  3.4
Spellcasting   | 4 |  4.7
Dodging        | |  2.1
Stealth        | |  2.1
Summonings     | |  0.8
Translocations | |  1.1

Action                   |  1- 3 |  4- 6 || total
-------------------------+-------+-------++-------
 Cast: Magic Dart        |    99 |    31 ||   130
  Use: Potion            |       |     2 ||     2
  Eat: Chunk             |     3 |     1 ||     4
